 Dungeon Crawl Stone Soup version 0.19.1 (webtiles) character file.

85428 Ladykiller69 the Brawler (level 15, -26/132 HPs)
             Began as a Ghoul Fighter on Dec 21, 2016.
             Was the Champion of Okawaru.
             Annihilated by an apis (30 damage)
             ... on level 1 of the Depths.
             The game lasted 01:48:18 (18339 turns).

Ladykiller69 the Brawler (Ghoul Fighter)           Turns: 18339, Time: 01:48:19

Health: -26/132    AC: 22    Str: 22    XL:     15   Next: 83%
Magic:  22/22      EV: 12    Int:  4    God:    Okawaru [******]
Gold:   2980       SH:  8    Dex: 17    Spells: 0 memorised, 14 levels left

rFire  + . .     SeeInvis +       - Unarmed
rCold  + + .     Gourm    .     P - +10 plate armour "Toelof" {Dex+2}
rNeg   + + +     Faith    .     O - +1 buckler {AC+3}
rPois  ∞         Spirit   .     a - +2 hat {SInv}
rElec  .         Reflect  .     D - +2 cloak
rCorr  .         Harm     .     y - +2 pair of gloves of Weirdness {rN+ Dex+3}
MR     +....                    g - +0 pair of boots
Stlth  ..........               (no amulet)
                                x - ring of protection from cold
                                G - ring of protection from fire

@: corroded, rotting
A: rotting body, claws 1, carnivore 3, cold resistance 1, negative energy
resistance 3, slow regeneration 1, torment resistance, unbreathing
a: Heroism, Finesse, Renounce Religion


You were on level 1 of the Depths.
You worshipped Okawaru.
Okawaru was exalted by your worship.
You were not hungry.

You visited 5 branches of the dungeon, and saw 25 of its levels.
You also visited: Labyrinth.

You collected 3085 gold pieces.
You spent 105 gold pieces at shops.

Inventory:

Missiles
 c - 8 steel tomahawks
 m - 177 stones
 C - 24 tomahawks (quivered)
 E - 5 throwing nets
 S - 7 javelins
 V - 5 poisoned tomahawks
Armour
 a - a +2 hat of see invisible (worn)
 g - a +0 pair of boots (worn)
 y - the +2 pair of gloves of Weirdness (worn) {rN+ Dex+3}
   (You found it on level 4 of the Dungeon)

   It affects your dexterity (+3).
   It protects you from negative energy.
 D - a +2 cloak (worn)
 O - a +1 buckler of protection (worn)
 P - the +10 plate armour "Toelof" (worn) {Dex+2}
   (You found it on level 2 of the Lair of Beasts)

   It affects your dexterity (+2).
Rods
 b - a +1 rod of shadows (13/13)
   (You took it off a minotaur in a labyrinth)
Jewellery
 n - an uncursed ring of resist corrosion
 u - an uncursed ring of see invisible
 x - a ring of protection from cold (right hand)
 G - a ring of protection from fire (left hand)
 L - an uncursed ring of protection from magic
 X - an uncursed amulet of guardian spirit
Wands
 l - a wand of disintegration (17/24)
Scrolls
 e - 16 scrolls of remove curse
 o - 3 scrolls of fog
 q - 2 scrolls of magic mapping
 r - 9 scrolls of identify
 t - 4 scrolls of teleportation
 F - 3 scrolls of enchant armour {unknown}
 I - 8 scrolls of amnesia {unknown}
 K - 2 scrolls of blinking
 M - 4 scrolls of vulnerability {unknown}
 Q - 3 scrolls of fear {unknown}
 Y - 4 scrolls of recharging {unknown}
Potions
 i - 3 potions of magic
 j - a potion of resistance
 k - 13 potions of curing
 p - 3 potions of brilliance
 s - 2 potions of flight
 w - 4 potions of haste
 z - 2 potions of heal wounds
 A - 2 potions of might
 H - 2 potions of degeneration {unknown}
 J - 2 potions of agility {unknown}
 N - 3 potions of ambrosia
 T - 3 potions of cancellation
 Z - 4 potions of invisibility
Miscellaneous
 U - a lamp of fire
Comestibles
 d - 13 meat rations
 f - 2 chunks of flesh
 v - 12 beef jerkies


   Skills:
 + Level 12.0 Fighting
 + Level 10.5 Armour
 + Level 8.6 Dodging
 + Level 10.5 Shields
 * Level 16.4 Unarmed Combat
 - Level 11.0 Invocations


You had 14 spell levels left.
You didn't know any spells.

Dungeon Overview and Level Annotations

Branches:
Dungeon (15/15)            Temple (1/1) D:6            Lair (6/6) D:11
  Swamp (0/4) Lair:2       Spider (0/4) Lair:2        Slime (0/5) Lair:6
    Orc (2/2) D:12            Elf (0/3) Orc:2        Vaults (0/5) D:13
 Depths (1/5) D:15

Altars:
Ashenzari
Cheibriados
Dithmenos
Elyvilon
Fedhas
Gozag
Hepliaklqana
Kikubaaqudgha
Makhleb
Nemelex Xobeh
Okawaru
Qazlal
Ru
Sif Muna
Trog
Uskayaw
Vehumet
Xom
Yredelemnul
Zin
The Shining One
Beogh
Jiyva

Shops:
D:6 ?   D:13 [   Orc:1 *   Orc:2 [(*:*


Innate Abilities, Weirdness & Mutations

Your body is rotting away.
You thrive on raw meat.
You are immune to poison.
You have sharp fingernails.
You are carnivorous and can eat meat at any time.
Your flesh is cold resistant. (rC+)
You are immune to negative energy. (rN+++)
You regenerate slowly when monsters are visible.
You are immune to unholy pain and torment.
You can survive without breathing.


Message History

You hit the apis but do no damage.
The apis is moderately wounded.
The apis closely misses you.
You hit the apis but do no damage.
The apis is moderately wounded.
You hit the apis but do no damage.
The apis is moderately wounded.
The apis misses you.
You punch the apis!
The apis is moderately wounded.
The apis gores you!!
* * * LOW HITPOINT WARNING * * *
The apis sears you!!
* * * LOW HITPOINT WARNING * * *
Eat one of 2 chunks of flesh? (ye/n/q)
You start eating one of the 2 chunks of flesh.
The apis gores you.
* * * LOW HITPOINT WARNING * * *
The apis sears you!!
You die...

##+##
#♣...#
#..@.#
+.Y..#
#....#
#♣..♣#
####


You could see an apis.

Vanquished Creatures
  Gastronok (D:8)
  2 orc warlords (Orc:2)
  A very ugly thing (Depths:1)
  Nessos (Lair:4)
  An ettin (Depths:1)
  Snorg (D:11)
  A minotaur (Lab)
  Josephine (D:15)
  3 fire dragons
  10 hydras
  Erica (D:10)
  2 dancing weapons (D:13)
  2 death yaks (Lair:2)
  An orc high priest (Orc:2)
  2 flayed ghosts
  A skeletal warrior (D:15)
  A glowing orange brain (Depths:1)
  A shadow dragon zombie (D:15)
  2 wizards (Depths:1)
  A necromancer (D:15)
  A wolf spider zombie (D:7)
  4 orc knights (Orc:2)
  5 hill giants
  Pikel (D:8)
  A harpy (shapeshifter) (Depths:1)
  2 wolf spiders (Lair:6)
  2 oklob plants (Lair:5)
  3 orc sorcerers
  A deep elf mage (D:15)
  A manticore (D:13)
  9 ugly things
  A cyclops (D:13)
  A guardian serpent (Lair:6)
  5 elephants (Lair:5)
  3 centaur zombies (D:7)
  6 black mambas (Lair:6)
  A gargoyle (D:14)
  2 centaur skeletons
  19 spiny frogs
  A torpor snail (Lair:2)
  2 rime drakes
  2 hellwings (D:7)
  9 komodo dragons
  An efreet (D:14)
  A guardian mummy (D:15)
  A polar bear (Lair:6)
  3 two-headed ogres
  6 hornets
  5 trolls
  Prince Ribbit (D:8)
  An ettin zombie (D:15)
  8 blink frogs
  A deep troll zombie (D:15)
  3 slime creatures (Depths:1)
  7 hippogriffs
  A shadow (D:11)
  2 water elementals (D:15)
  A fire dragon skeleton (D:15)
  10 wyverns
  A redback (Lair:6)
  4 wraiths
  25 yaks
  8 fire bats (D:11)
  11 hungry ghosts
  3 basilisks
  3 steam dragons (Lair:6)
  3 vampire mosquitoes (D:12)
  A mottled dragon (Lair:6)
  A warg (Orc:2)
  20 water moccasins
  2 soldier ants (D:8)
  10 porcupines
  Duvessa (D:5)
  2 hell hounds (D:11)
  3 swamp drakes (Lair:6)
  21 orc warriors
  4 sky beasts
  2 ice beasts
  2 slaves (D:8)
  2 necrophages
  An eye of draining (D:12)
  8 ogres
  A phantom (D:7)
  5 wolves (Lair:6)
  3 centaurs
  15 crocodiles
  Blork the orc (Orc:2)
  2 big kobolds (D:8)
  15 bullfrogs
  An earth elemental (Lab)
  A wyvern skeleton (D:7)
  Dowan (D:5)
  3 scorpions
  7 killer bees
  12 wights
  8 electric eels
  11 howler monkeys
  8 crimson imps
  2 bullfrog zombies
  A quasit (D:7)
  23 orc wizards
  15 orc priests
  2 bullfrog skeletons
  6 hounds
  3 jellies
  Crazy Yiuf (D:5)
  4 iguanas
  14 worker ants
  3 worker ant zombies
  6 gnolls
  7 river rats
  16 adders
  7 shadow imps
  An ooze (D:3)
  An adder zombie (D:7)
  2 adder skeletons
  3 worms
  A dart slug (D:5)
  6 leopard geckos
  52 orcs
  A ball python (D:1)
  A giant cockroach (D:7)
  2 goblins (D:2)
  4 hobgoblins
  11 jackals
  3 quokkas
  A ball python skeleton (D:4)
  9 bats
  3 frilled lizards
  2 jackal skeletons
  A jackal zombie (D:5)
  28 kobolds
  A quokka skeleton (D:7)
  25 rats
  2 plants
672 creatures vanquished.

Vanquished Creatures (others)
  Maurice (D:8)
  A quokka (D:8)
  3 kobolds (D:8)
  A bush (D:11)
  9 fungi (Lair:6)
  32 plants
  5 withered plants
52 creatures vanquished.

Grand Total: 724 creatures vanquished

Notes
Turn   | Place    | Note
-------+----------+-------------------------------------------
     0 | D:1      | Ladykiller69 the Ghoul Fighter began the quest for the Orb.
     0 | D:1      | Reached XP level 1. HP: 19/19 MP: 0/0
   982 | D:1      | Reached XP level 2. HP: 26/26 MP: 1/1
  1284 | D:2      | Reached skill level 3 in Unarmed Combat
  1288 | D:2      | Reached XP level 3. HP: 18/31 MP: 2/2
  2203 | D:4      | Reached XP level 4. HP: 35/39 MP: 3/3
  2268 | D:4      | Got a pair of crude gloves
  2274 | D:4      | Identified the +2 pair of gloves of Weirdness {rN+ Dex+3} (You found it on level 4 of the Dungeon)
  2379 | D:4      | Reached skill level 1 in Dodging
  2395 | D:4      | Reached XP level 5. HP: 42/45 MP: 4/4
  2606 | D:4      | Reached skill level 4 in Unarmed Combat
  2719 | D:4      | Reached XP level 6. HP: 48/52 MP: 5/5
  2868 | D:4      | Found an iron altar of Okawaru.
  2881 | D:4      | Became a worshipper of Warmaster Okawaru
  2962 | D:5      | Entered Level 5 of the Dungeon
  3021 | D:5      | HP: 1/53 [ogre/giant club (13)]
  3061 | D:5      | HP: 2/53 [orc wizard/puff of flame (2)]
  3436 | D:5      | Reached XP level 7. HP: 42/60 MP: 6/6
  3559 | D:5      | Reached skill level 1 in Invocations
  3682 | D:5      | Noticed Dowan
  3703 | D:5      | Killed Dowan
  3712 | D:5      | Noticed Duvessa
  3762 | D:5      | Killed Duvessa
  3762 | D:5      | Reached * piety under Okawaru
  3762 | D:5      | Reached skill level 5 in Unarmed Combat
  3780 | D:5      | Found a runed door.
  3784 | D:5      | Noticed Crazy Yiuf
  3795 | D:5      | Killed Crazy Yiuf
  4116 | D:5      | Found a glowing golden altar of the Shining One.
  4125 | D:5      | Reached skill level 5 in Fighting
  4210 | D:6      | Reached XP level 8. HP: 68/68 MP: 8/8
  4318 | D:6      | Found a staircase to the Ecumenical Temple.
  4327 | Temple   | Entered the Ecumenical Temple
  4800 | D:6      | Reached skill level 6 in Unarmed Combat
  4838 | D:6      | Reached ** piety under Okawaru
  5084 | D:6      | Got a pair of heavily runed gloves
  5095 | D:6      | Identified the +0 pair of gloves of Ybaihy {rCorr Str-3 Int+4 Slay+2} (You found it on level 6 of the Dungeon)
  5225 | D:6      | Found Furamuiv's Magic Scroll Shop.
  5232 | D:6      | Bought a scroll of blinking for 105 gold pieces
  5299 | D:7      | Reached skill level 5 in Armour
  5299 | D:7      | Reached XP level 9. HP: 72/75 MP: 10/10
  5493 | D:7      | Reached skill level 7 in Unarmed Combat
  5595 | D:7      | Reached *** piety under Okawaru
  5595 | D:7      | Reached skill level 5 in Shields
  5619 | D:7      | Reached **** piety under Okawaru
  5619 | D:7      | Reached skill level 8 in Unarmed Combat
  5734 | D:7      | Reached skill level 5 in Invocations
  5734 | D:7      | Reached XP level 10. HP: 72/84 MP: 12/12
  6025 | D:7      | Reached skill level 9 in Unarmed Combat
  6031 | D:7      | Reached ***** piety under Okawaru
  6107 | D:8      | Received a gift from Okawaru
  6242 | D:8      | Noticed Pikel
  6261 | D:8      | Killed Pikel
  6649 | D:8      | Found a shimmering altar of Xom.
  6649 | D:8      | Found an ancient bone altar of Kikubaaqudgha.
  6649 | D:8      | Noticed Gastronok
  6678 | D:8      | Killed Gastronok
  6678 | D:8      | Reached skill level 10 in Unarmed Combat
  6678 | D:8      | Reached XP level 11. HP: 94/94 MP: 14/14
  6679 | D:8      | Found a glowing silver altar of Zin.
  6696 | D:8      | Killed Maurice
  6851 | D:8      | Noticed Prince Ribbit
  6868 | D:8      | Killed Prince Ribbit
  7926 | D:10     | Entered Level 10 of the Dungeon
  8031 | D:10     | Reached skill level 11 in Unarmed Combat
  8206 | D:10     | Noticed Erica
  8212 | D:10     | Killed Erica
  8212 | D:10     | Received a gift from Okawaru
  8259 | D:10     | You fall through a shaft for 3 floors!
  8259 | D:13     | Noticed a cyan ugly thing
  8259 | D:13     | Noticed a cyclops
  8259 | D:13     | Noticed a hill giant
  8266 | D:13     | Noticed an enchanted long sword
  8266 | D:13     | Noticed an enchanted long sword
  8272 | D:13     | Killed an enchanted long sword
  8276 | D:13     | Killed an enchanted long sword
  8293 | D:13     | Killed a cyan ugly thing
  8296 | D:13     | Noticed a manticore
  8301 | D:13     | Reached XP level 12. HP: 52/103 MP: 7/16
  8349 | D:13     | Reached skill level 12 in Unarmed Combat
  8359 | D:13     | Found a gate to the Vaults.
  8623 | D:11     | Found a staircase to the Lair.
  8779 | D:11     | Noticed Snorg
  8798 | D:11     | Killed Snorg
  8848 | D:11     | Found a blossoming altar of Fedhas.
  8960 | D:11     | Reached ****** piety under Okawaru
  8970 | D:11     | Received a gift from Okawaru
  9263 | D:11     | Noticed a fire dragon
  9276 | D:11     | Killed a fire dragon
  9449 | Lair:1   | Entered Level 1 of the Lair of Beasts
  9502 | Lair:1   | Reached skill level 13 in Unarmed Combat
  9570 | Lair:1   | Identified a +0 rod of clouds (9/9) (You found it on level 3 of the Dungeon)
  9696 | Lair:1   | Reached skill level 5 in Dodging
  9718 | Lair:1   | Noticed an eight-headed hydra
  9727 | Lair:1   | Killed an eight-headed hydra
  9727 | Lair:1   | Reached XP level 13. HP: 107/112 MP: 18/18
 10041 | Lair:2   | Got a bloodstained plate armour
 10052 | Lair:2   | Identified the +10 plate armour "Toelof" {Dex+2} (You found it on level 2 of the Lair of Beasts)
 10178 | Lair:2   | Reached skill level 10 in Fighting
 10206 | Lair:2   | Found a hole to the Spider Nest.
 10320 | Lair:2   | Received a gift from Okawaru
 10329 | Lair:2   | Got a scorched plate armour {god gift}
 10340 | Lair:2   | Identified the +9 plate armour "Tianuafe" {rN+ SInv} (Okawaru gifted it to you on level 2 of the Lair of Beasts)
 10374 | Lair:2   | Found a staircase to the Swamp.
 11504 | Lair:4   | Reached skill level 14 in Unarmed Combat
 11793 | Lair:4   | Noticed Nessos
 11851 | Lair:4   | Killed Nessos
 11928 | Lair:5   | Found a labyrinth entrance.
 11948 | Lab      | Entered a labyrinth
 12000 | Lab      | Found an exit through the horrors of the Abyss.
 12207 | Lab      | Noticed a minotaur
 12214 | Lab      | Killed a minotaur
 12419 | Lair:5   | Reached XP level 14. HP: 120/122 MP: 18/20
 12491 | Lair:5   | Reached skill level 10 in Invocations
 12643 | Lair:5   | Received a gift from Okawaru
 12866 | Lair:6   | Entered Level 6 of the Lair of Beasts
 13423 | Lair:6   | Received a gift from Okawaru
 13424 | Lair:6   | Found a viscous altar of Jiyva.
 13451 | Lair:6   | Found a staircase to the Slime Pits.
 13581 | Lair:6   | Received a gift from Okawaru
 13581 | Lair:6   | Reached skill level 15 in Unarmed Combat
 14271 | Lair:6   | Reached skill level 10 in Armour
 14902 | D:12     | Reached XP level 15. HP: 113/130 MP: 19/22
 15010 | D:12     | Found a staircase to the Orcish Mines.
 15021 | Orc:1    | Entered Level 1 of the Orcish Mines
 15110 | Orc:1    | Found Ybuxkaan's Assorted Antiques.
 15314 | Orc:2    | Entered Level 2 of the Orcish Mines
 15314 | Orc:2    | Found Izyrihi's Assorted Antiques.
 15345 | Orc:2    | Found a roughly hewn altar of Beogh.
 15350 | Orc:2    | Found a staircase to the Elven Halls.
 15519 | Orc:2    | Noticed an orc warlord
 15546 | Orc:2    | Killed an orc warlord
 15589 | Orc:2    | Reached skill level 10 in Shields
 15659 | Orc:2    | Noticed an orc warlord
 15680 | Orc:2    | Killed an orc warlord
 15680 | Orc:2    | Received a gift from Okawaru
 15733 | Orc:2    | Noticed Blork the orc
 15758 | Orc:2    | Killed Blork the orc
 15954 | Orc:2    | Found a roughly hewn altar of Beogh.
 15989 | Orc:2    | Found Tuperuh's Book Emporium.
 15993 | Orc:2    | Found Ecib's General Store.
 16129 | Orc:2    | Found Yqiun's Antique Weapon Emporium.
 16144 | Orc:2    | Found Yfaekh's Antique Armour Emporium.
 16464 | D:13     | Found Noasm's Armour Shoppe.
 16520 | D:13     | Identified The Foundations of Spellcraft
 17036 | D:14     | Identified Kacinar's Incunabulum of Circular Logic
 17151 | D:15     | Entered Level 15 of the Dungeon
 17293 | D:15     | Found a staircase to the Depths.
 17342 | D:15     | Reached skill level 16 in Unarmed Combat
 17696 | D:15     | Noticed Josephine
 17700 | D:15     | Received a gift from Okawaru
 17717 | D:15     | Killed Josephine
 18053 | Depths:1 | Entered Level 1 of the Depths
 18181 | Depths:1 | Found a shimmering altar of Xom.
 18207 | Depths:1 | Received a gift from Okawaru
 18338 | Depths:1 | HP: 5/132 [apis (30)]
 18339 | Depths:1 | Annihilated by an apis

Skill      XL: |  1  2  3  4  5  6  7  8  9 10 11 12 13 14 15 |
---------------+----------------------------------------------+-----
Unarmed Combat | 3 4 5 6 8 10 11 13 14 15 16 | 16.4
Shields        | 3 4 5 6 7 8 9 10 | 10.5
Armour         | 3 4 5 6 7 8 9 10 | 10.5
Dodging        | 1 2 3 4 5 6 7 8 |  8.6
Fighting       | 4 5 6 7 8 9 10 11 12 | 12.0
Invocations    | 2 3 5 6 7 9 11 | 11.0

Action                   |  1- 3 |  4- 6 |  7- 9 | 10-12 | 13-15 || total
-------------------------+-------+-------+-------+-------+-------++-------
Melee: Unarmed           |   143 |   220 |   362 |   965 |  1818 ||  3508
Throw: Tomahawk          |       |     1 |     2 |     7 |     4 ||    14
       Throwing net      |       |     1 |       |       |       ||     1
Invok: Heroism           |       |       |     1 |     6 |    12 ||    19
       Finesse           |       |       |       |     1 |     3 ||     4
Evoke: Lamp of fire      |       |       |       |     2 |     2 ||     4
       Wand              |       |       |       |     5 |     2 ||     7
       Fan of gales      |       |       |       |       |     1 ||     1
  Use: Potion            |       |     1 |       |       |       ||     1
       Scroll            |       |       |       |    11 |    12 ||    23
 Stab: Held in net/web   |       |       |       |       |     2 ||     2
       Confused          |       |       |       |       |     1 ||     1
  Eat: Chunk             |     5 |     8 |    20 |    53 |   135 ||   221
Armor: Scale mail        |     6 |       |       |       |       ||     6
       Fire dragon scale |    80 |    80 |   129 |    48 |       ||   337
       Crystal plate arm |       |       |       |   480 |    25 ||   505
       Troll leather arm |       |       |       |     2 |       ||     2
       Plate armour      |       |       |       |       |   853 ||   853
Dodge: Dodged            |    34 |    69 |    82 |   153 |   627 ||   965
Block: Shield            |    84 |    99 |   115 |   256 |       ||   554
       Buckler           |       |       |       |   107 |   536 ||   643
